 Dungeon Crawl Stone Soup version 0.22-a0-542-gce4f928 (webtiles) character file.

265 kae the Insei (level 5, -3/37 HPs)
             Began as a Demonspawn Transmuter on June 24, 2018.
             Slain by Grinder (6 damage)
             ... on level 4 of the Dungeon.
             The game lasted 00:03:55 (4793 turns).

kae the Insei (Demonspawn Transmuter)               Turns: 4793, Time: 00:03:55

Health: -3/37      AC:  2    Str: 11    XL:     5   Next: 99%
Magic:  1/8        EV: 19    Int: 14    God:
Gold:   162        SH:  0    Dex: 19    Spells: 2/8 levels left

rFire    . . .     SeeInvis .     - Unarmed
rCold    . . .     Gourm    .   (shield currently unavailable)
rNeg     . . .     Faith    .   (armour currently unavailable)
rPois    x         Spirit   .   (helmet currently unavailable)
rElec    .         Reflect  .   (cloak currently unavailable)
rCorr    .         Harm     .   (gloves currently unavailable)
MR       .....                  (boots currently unavailable)
Stlth    ++++......             (no amulet)
HPRegen  0.12/turn              (no ring)
MPRegen  0.11/turn              (no ring)

@: spider-form, very slightly contaminated
A: tiny, nightstalker 2
a: End Transformation


You were on level 4 of the Dungeon.
You were not hungry.
You were a venomous arachnid creature.
You visited 1 branch of the dungeon, and saw 4 of its levels.

You collected 162 gold pieces.

Inventory:

Missiles
 a - 7 arrows
Armour
 b - a +0 robe
 o - a +0 leather armour (melded)
Jewellery
 j - an uncursed ring of poison resistance {unknown}
 t - a +3 ring of protection {unknown}
Scrolls
 e - 3 scrolls of random uselessness {unknown}
 g - 2 scrolls of remove curse {unknown}
 h - 4 scrolls of identify {unknown}
 i - a scroll of noise {unknown}
 k - 3 scrolls of teleportation {unknown}
 l - a scroll of enchant weapon {unknown}
 n - a scroll of immolation {unknown}
 p - a scroll of enchant armour {unknown}
 q - a scroll of fear {unknown}
 v - a scroll of magic mapping {unknown}
Potions
 c - 2 potions of might {unknown}
 f - a potion of brilliance
 m - 2 potions of lignification
 r - a potion of curing
 s - a potion of heal wounds {unknown}
 u - a potion of degeneration {unknown}
Comestibles
 d - 8 rations


   Skills:
 - Level 1.0 Fighting
 - Level 1.7 Dodging
 * Level 5.2 Unarmed Combat
 - Level 2.0 Spellcasting
 + Level 3.5 Transmutations


You had 2 spell levels left.
You knew the following spells:

 Your Spells              Type           Power        Failure   Level  Hunger
a - Beastly Appendage     Tmut           ##....       16%         1    ##.....
b - Sticks to Snakes      Tmut           ##......     22%         2    ###....
c - Spider Form           Tmut/Pois      #.........   56%         3    ####...

Your spell library contained the following spells:

 Spells                   Type           Power        Failure   Level  Hunger
 Blade Hands              Tmut           ##........   94%         5    ######.
 Ice Form                 Ice/Tmut       #.......     89%         4    #####..


Dungeon Overview and Level Annotations

Branches:
Dungeon (4/15)
 Temple: D:4-7

Altars:
Ashenzari
Cheibriados
Ru
Uskayaw
Xom
The Shining One

Annotations:
D:4 Grinder


Innate Abilities, Weirdness & Mutations

You are significantly more attuned to the shadows.
((You are partially covered in sharp spines.))


Message History

Confirm with . or Enter, or press ? or * to list all spells.
You miscast Spider Form.
You are very lightly contaminated with residual magic.
Nothing appears to happen.
Grinder hits you!
You writhe in agony.
You hit Grinder but do no damage.
Grinder is heavily wounded.
Grinder gestures at you.
You barely resist.
Casting: Spider Form (slightly dangerous; 41% risk of failure)
Confirm with . or Enter, or press ? or * to list all spells.
You turn into a venomous arachnid creature.
Your +0 leather armour melds into your body.
Grinder hits you.
* * * LOW HITPOINT WARNING * * *
You writhe in agony.
* * * LOW HITPOINT WARNING * * *
Grinder hits you.
* * * LOW HITPOINT WARNING * * *
You writhe in agony.
You die...

...#.>......................##.#
...#######...................#.#
##.# #..........########.#.# #.#
#..........# #.#.# #.#
######'###.# #.#.## #.#
#######'###.# #...#. #.#
#.........#.#########..#. ##'##
###.......5.#............#.
....#
#.........s......[.......#.
....#
#............####[.........
....#
##########......'..........
##'### ###'####.......... #...#
#....# #.......... ##### #....#
#...).....# #....# #.......>.#
#.[..# #.......... #....#
######'.###


You could see Grinder.

Vanquished Creatures
  A hound (D:4)
  3 orc wizards
  An iguana (D:4)
  2 adders
  A shadow imp (D:3)
  2 worms
  A dart slug (D:3)
  2 leopard geckos
  16 orcs
  5 bats
  3 giant cockroaches
  2 goblins (D:1)
  2 hobgoblins
  13 jackals
  2 quokkas
  2 ball pythons
  3 frilled lizards
  2 kobolds
  A quokka skeleton (D:4)
  5 rats
69 creatures vanquished.

Vanquished Creatures (collateral kills)
  2 jackals (D:4)
2 creatures vanquished.

Grand Total: 71 creatures vanquished

Notes
Turn   | Place    | Note
-------+----------+-------------------------------------------
     0 | D:1      | kae the Demonspawn Transmuter began the quest for the Orb.
     0 | D:1      | Reached XP level 1. HP: 15/15 MP: 3/3
   580 | D:1      | Reached skill level 3 in Unarmed Combat
   712 | D:1      | Gained mutation: You are slightly more attuned to the shadows. [demonic ancestry]
   712 | D:1      | Reached XP level 2. HP: 9/21 MP: 5/5
   957 | D:1      | Found a shattered altar of Ashenzari.
  1529 | D:2      | Found a sacrificial altar of Ru.
  1645 | D:2      | Gained mutation: You are partially covered in sharp spines. [demonic ancestry]
  1645 | D:2      | Reached XP level 3. HP: 13/26 MP: 6/6
  1937 | D:2      | Learned a level 2 spell: Sticks to Snakes
  1941 | D:2      | Learned a level 3 spell: Spider Form
  1989 | D:3      | Found a shimmering altar of Xom.
  1997 | D:3      | Found a glowing golden altar of the Shining One.
  2035 | D:3      | Gained mutation: You are significantly more attuned to the shadows. [demonic ancestry]
  2035 | D:3      | Reached XP level 4. HP: 13/32 MP: 7/7
  2037 | D:3      | Reached skill level 4 in Unarmed Combat
  2382 | D:3      | Found a shimmering altar of Xom.
  2383 | D:3      | Found a shimmering altar of Xom.
  3087 | D:4      | Reached XP level 5. HP: 17/37 MP: 6/8
  3511 | D:4      | Found a hide-covered altar of Uskayaw.
  3516 | D:4      | Noticed a dagger
  3516 | D:4      | Noticed a dagger
  3539 | D:4      | Found a snail-covered altar of Cheibriados.
  4146 | D:4      | Reached skill level 5 in Unarmed Combat
  4444 | D:4      | Noticed an orc warrior
  4447 | D:4      | Noticed Grinder
  4781 | D:4      | Paralysed by Grinder for 2 turns
  4793 | D:4      | Slain by Grinder

Vault maps used:
D:1:      nzn_arrival_crosshair, serial_forest,
          infiniplex_forest_clump_diagonal, infiniplex_forest_straight_5,
          infiniplex_forest_clump_small, infiniplex_forest_clump_curved,
          infiniplex_forest_3_way, infiniplex_forest_lined_3,
          infiniplex_forest_3_way, infiniplex_forest_straight_3,
          infiniplex_forest_lined_2, nicolae_ashenzari_panopticon
D:2:      overflow_temple_1_default
D:3:      tso_metal_star, xom_redecorated, first_ration
D:4:      lemuel_crystal_altar, dancing_weapons_uskayaw, fedhas_altar_4,
          uniq_grinder

Skill      XL: |  1  2  3  4  5 |
---------------+----------------+-----
Transmutations | 2 3 |  3.5
Unarmed Combat | 3 4 5 |  5.2
Fighting       | |  1.0
Dodging        | |  1.7
Spellcasting   | |  2.0

Action                   |  1- 3 |  4- 6 || total
-------------------------+-------+-------++-------
Melee: Unarmed           |    95 |   133 ||   228
       Headbutt          |     7 |     1 ||     8
       Punch             |     2 |     2 ||     4
       Kick              |       |     3 ||     3
 Cast: Beastly Appendage |     8 |     5 ||    13
       Sticks to Snakes  |       |     4 ||     4
       Spider Form       |       |     4 ||     4
  Use: Potion            |     4 |     3 ||     7
 Stab: Sleeping          |     4 |     1 ||     5
  Eat: Chunk             |     3 |    10 ||    13
Armor: Robe              |    14 |       ||    14
       Leather armour    |     7 |    12 ||    19
       Skin              |     2 |     8 ||    10
Dodge: Dodged            |    60 |    69 ||   129

Table legend:
 A = Spawn XP
 B = Non-spawn XP
 C = Spawn XP percentage of total XP
 D = Spawn monster count
 E = Non-spawn monster count
 F = Spawn count percentage of total count
 G = Total turns spent on level
                    A         B        C        D         E        F      G
               +---------+---------+-------+---------+---------+-------+---------
         Total |       0 |     379 |   0.0 |       0 |      71 |   0.0 |  4793
               +---------+---------+-------+---------+---------+-------+---------
           D:1 |       0 |      18 |   0.0 |       0 |      12 |   0.0 |  1146
           D:2 |       0 |      25 |   0.0 |       0 |       8 |   0.0 |   835
           D:3 |       0 |     119 |   0.0 |       0 |      30 |   0.0 |  1238
           D:4 |       0 |     217 |   0.0 |       0 |      21 |   0.0 |  1574
               +---------+---------+-------+---------+---------+-------+---------
